cohdb
Replays
Latest Replays
All Replays
Popular Replays
Top Player Replays
Match Explorer
How It Works
Community
CoH3 Stats
Reddit
Sign in to upload your games and track your stats! →
Sign in with Steam
Match 43484351
Unlisted
Match 43484351
Overview
Messages
Build Orders
End
Construct Infanterie Kompanie
Pioneer Squad
MG 42 Machine Gun Team
Grenadier Squad
Grenadier Squad
Construct Luftwaffe Kompanie
Jäger Squad
Luftwaffe Officer Quarters
Jäger Squad
Medical Station
Jäger Squad
MG 42 Machine Gun Team
Construct Panzer Kompanie
Sturmpanzer IV Brummbär
Jäger Squad
MG 42 Machine Gun Team
Side Skirts
Panzer Officer Quarters
Pioneer Squad
嫂子开门我是我哥
皮皮
JT
JLODGE
Fabius Maximus
Snake Doctor
0
0
Comments
sign in to comment!
No comments posted yet!